 Dungeon Crawl Stone Soup version 0.16.2-3-ga078185 (webtiles) character file.

14773 gorblad the Fighter (level 11, -2/153 HPs)
             Began as a Yellow Draconian Berserker on Sept 9, 2015.
             Was the Champion of Trog.
             Slain by an alligator (26 damage)
             ... on level 1 of the Swamp.
             The game lasted 00:57:03 (12299 turns).

gorblad the Fighter (Yellow Draconian Berserker)   Turns: 12299, Time: 00:57:03

Health: -2/153     AC: 14    Str: 27    XL:     11   Next: 93%
Magic:  11/11      EV: 18    Int:  8    God:    Trog [******]
Gold:   752        SH:  0    Dex: 14    Spells: 0 memorised, 10 levels left

rFire  . . .     SeeInvis .     N - +0 battleaxe of the Walnut {chop, rPois}
rCold  + . .     Clarity  .     (armour unavailable)
rNeg   + . .     SustAb   .     (no shield)
rPois  +         Gourm    .     f - +1 hat
rElec  .         Spirit   .     (no cloak)
rCorr  +         Warding  +     O - +2 pair of gloves
rMut   .         Stasis   .     u - +2 pair of boots
MR     .....                    r - amulet of warding
Stlth  ..........               x - +3 ring of dexterity
                                I - ring of protection from cold

@: berserking, very quick, not resistant to hostile enchantments, extremely
unstealthy
A: spit acid, acid resistance, unfitting armour, cold-blooded, AC +7
a: Spit Acid, Burn Spellbooks, Berserk, Trog's Hand, Brothers in Arms, Renounce
Religion


You were on level 1 of the Swamp.
You worshipped Trog.
Trog was exalted by your worship.
You were not hungry.

You visited 3 branches of the dungeon, and saw 13 of its levels.

You collected 752 gold pieces.

Inventory:

Hand weapons
 a - a +0 falchion
 q - a +3 battleaxe
 N - the +0 battleaxe of the Walnut (weapon) {chop, rPois}
   (Trog gifted it to you on level 4 of the Lair of Beasts)

   It inflicts extra damage upon your enemies.
   It protects you from poison.
Armour
 f - a +1 hat (worn)
 u - a +2 pair of boots (worn)
 K - a +0 pair of gloves
 O - a +2 pair of gloves (worn)
Jewellery
 m - an uncursed ring of positive energy
 r - an amulet of warding (around neck)
 x - a +3 ring of dexterity (right hand)
 I - a ring of protection from cold (left hand)
Magical devices
 g - a wand of slowing (31)
 i - a wand of fireball (1)
 n - a wand of hasting (0)
 t - a wand of magic darts (32)
 w - a wand of draining (5)
 C - a wand of magic darts (10)
 G - a wand of confusion (16)
 M - a wand of slowing (16)
Scrolls
 b - 5 scrolls of magic mapping
 d - 6 scrolls of enchant armour
 e - 2 scrolls of blinking
 k - 9 scrolls of remove curse
 o - 2 scrolls of teleportation
 y - a scroll of holy word
 B - 7 scrolls of identify
 D - 2 scrolls of fear {unknown}
Potions
 h - a potion of agility
 j - 7 potions of curing
 l - 4 potions of cancellation
 p - 2 potions of brilliance
 s - a potion of haste
 v - 2 potions of berserk rage {unknown}
 z - a potion of lignification {unknown}
 A - 2 potions of might
 F - a potion of beneficial mutation {unknown}
 J - a potion of invisibility {unknown}
 P - a potion of restore abilities
Miscellaneous
 H - a lamp of fire
Comestibles
 c - 3 fruits
 E - 2 bread rations
 L - 2 meat rations


   Skills:
 + Level 11.0 Fighting
 + Level 4.5 Long Blades
 + Level 11.0 Axes
 + Level 10.8 Dodging
 + Level 4.3 Stealth


You had 10 spell levels left.
You didn't know any spells.

Dungeon Overview and Level Annotations

Branches:
Dungeon (8/15)             Temple (0/1) D:4            Lair (4/8) D:8
  Swamp (1/5) Lair:4
  Snake: Lair:3-6    Spider: Lair:3-6

Altars:
Elyvilon
Kikubaaqudgha

Shops:
D:6 *

Annotations:
D:6 exclusion: oklob plant
Lair:1 exclusion: oklob plant


Innate Abilities, Weirdness & Mutations

You can spit globs of acid.
You can corrode armour when you spit acid.
You are resistant to acid.
Your golden yellow scales are hard (AC +7).
Your body does not fit into most forms of armour.
Your cold-blooded metabolism reacts poorly to cold.


Message History

* * * LOW HITPOINT WARNING * * *
The alligator tail-slaps you.
* * * LOW HITPOINT WARNING * * *
You are too injured to fight recklessly!
You are too injured to fight recklessly!
You are too injured to fight recklessly!
You are too injured to fight recklessly!
You are too injured to fight recklessly!
You are too injured to fight recklessly!
The alligator misses you. The alligator tail-slaps you!
* * * LOW HITPOINT WARNING * * *
You slash the alligator!
Your tail-slap misses the alligator.
The alligator is heavily wounded.
The alligator bites you but does no damage.
The alligator tail-slaps you but does no damage.
Use which ability? (? or * to list)
A red film seems to cover your vision as you go berserk!
You feel yourself moving faster!
You feel mighty!
You feel somewhat more hungry. The alligator bites you!!
You die...

♣.≈≈.≈≈≈.<%.♣♣♣♣
♣♣♣♣.≈≈≈....♣..♣ ♣♣♣♣♣♣
♣...≈...≈♣..♣♣♣♣♣≈≈♣≈♣
♣♣♣♣♣♣..≈♣♣♣§≈≈♣§....♣
♣♣.^..♣...§.†≈≈.≈
♣♣♣...........≈≈..
♣.....♣...≈≈≈≈≈≈≈.
♣.≈≈≈.....≈≈≈≈≈≈≈≈
♣♣@≈≈≈≈..≈≈≈≈≈≈≈≈≈≈
♣§t≈≈....♣♣.≈≈≈≈≈≈≈
≈.≈§......≈≈.≈♣≈♣.≈≈≈≈≈..≈
≈≈≈≈....≈≈≈≈.♣♣♣≈≈≈≈..♣♣♣
≈≈≈≈≈...≈≈≈..♣ ♣≈≈≈≈.♣♣ ♣
≈≈≈≈≈≈≈...♣♣♣♣ ♣.≈≈≈.♣
...≈≈..♣.≈ ♣..♣♣♣♣
.....♣♣♣♣♣ ♣.. .♣♣. ♣≈.


You could see an alligator.

Vanquished Creatures
  Gastronok (Lair:1)
  Erica (Lair:4)
  Pikel (D:5)
  A hill giant (D:7)
  A torpor snail (Lair:4)
  5 komodo dragons
  Sigmund (D:5)
  2 giant leeches
  A polar bear (Lair:3)
  A bog body (Swamp:1)
  A two-headed ogre (D:8)
  A basilisk (Lair:2)
  11 yaks
  A spriggan (Lair:3)
  2 hippogriffs
  3 hungry ghosts
  3 wolves (Lair:3)
  8 water moccasins
  2 ice beasts
  9 porcupines
  An eye of draining (D:8)
  A sky beast (D:8)
  A phantom (D:4)
  A swamp drake (Swamp:1)
  2 black bears
  4 ogres
  7 centaurs
  A big kobold (D:7)
  3 crocodiles
  Blork the orc (D:4)
  15 giant frogs
  A wyvern skeleton (D:7)
  A scorpion (D:8)
  2 jellies
  A crimson imp (D:5)
  The ghost of dscm the Digger, a weakling OpEE (D:3)
  A giant frog zombie (D:8)
  2 iguanas
  2 orc priests (D:4)
  A centaur skeleton (D:7)
  3 hounds
  5 orc wizards
  An iron imp (D:4)
  10 worker ants
  14 sheep
  Ijyb (D:5)
  Terence (D:3)
  9 gnolls
  A worker ant zombie (D:7)
  46 river rats
  A white imp (D:4)
  17 adders
  2 giant mites
  6 worms
  An adder skeleton (D:4)
  3 giant geckos
  15 orcs
  A ball python (D:7)
  11 giant cockroaches
  9 goblins
  10 hobgoblins
  10 jackals
  15 kobolds
  10 quokkas
  11 bats
  8 giant newts
  A jackal skeleton (D:4)
  A quokka zombie (D:7)
  12 rats
  9 fungi
  A plant (Lair:3)
350 creatures vanquished.

Vanquished Creatures (collateral kills)
  Eustachio (D:4)
1 creature vanquished.

Vanquished Creatures (others)
  A slave (D:5)
  A centaur (D:7)
  A hobgoblin (D:7)
  A quokka (D:5)
  A giant gecko (D:5)
  A giant spore (D:7)
  A fungus (Lair:2)
7 creatures vanquished.

Grand Total: 358 creatures vanquished

Notes
Turn   | Place    | Note
--------------------------------------------------------------
     0 | D:1      | gorblad, the Draconian Berserker, began the quest for the Orb.
     0 | D:1      | Reached XP level 1. HP: 19/19 MP: 1/1
   105 | D:1      | Noticed an anaconda
   105 | D:1      | Noticed a five-headed hydra
   105 | D:1      | Noticed a polar bear
   249 | D:1      | Reached XP level 2. HP: 26/26 MP: 2/2
   703 | D:2      | Reached XP level 3. HP: 33/33 MP: 3/3
   704 | D:2      | Reached skill level 4 in Fighting
  1057 | D:2      | Reached XP level 4. HP: 19/41 MP: 4/4
  1186 | D:2      | Acquired Trog's second power
  1558 | D:3      | Noticed Terence
  1568 | D:3      | Killed Terence
  1788 | D:3      | Reached XP level 5. HP: 21/47 MP: 5/5
  2056 | D:3      | Found an ancient bone altar of Kikubaaqudgha.
  2160 | D:3      | Noticed dscm's ghost (weakling OpEE)
  2167 | D:3      | Killed dscm's ghost
  2765 | D:4      | Reached skill level 5 in Fighting
  2943 | D:4      | Reached XP level 6. HP: 43/56 MP: 6/6
  3200 | D:4      | Noticed a phantom
  3244 | D:4      | Killed a phantom
  3244 | D:4      | Reached skill level 5 in Dodging
  3559 | D:4      | Noticed Blork the orc
  3572 | D:4      | Killed Blork the orc
  3653 | D:4      | Your scales start taking on a golden yellow colour.
  3653 | D:4      | Reached XP level 7. HP: 45/61 MP: 7/7
  3674 | D:4      | Noticed an ogre
  3682 | D:4      | Killed an ogre
  3729 | D:4      | Found a staircase to the Ecumenical Temple.
  3748 | D:4      | Reached skill level 6 in Dodging
  4017 | D:4      | Acquired Trog's third power
  4034 | D:4      | Noticed Eustachio
  4054 | D:4      | Killed Eustachio
  4054 | D:4      | Reached skill level 1 in Axes
  4330 | D:4      | Received a gift from Trog
  4422 | D:5      | Entered Level 5 of the Dungeon
  4431 | D:5      | Reached skill level 1 in Stealth
  4431 | D:5      | Reached XP level 8. HP: 50/70 MP: 8/8
  4485 | D:5      | Noticed Pikel
  4495 | D:5      | Noticed Ijyb
  4497 | D:5      | Noticed Sigmund
  4497 | D:5      | Killed Pikel
  4497 | D:5      | Reached skill level 7 in Fighting
  4502 | D:5      | Killed Ijyb
  4506 | D:5      | Killed Sigmund
  5258 | D:6      | Found a white marble altar of Elyvilon.
  5258 | D:6      | Noticed an oklob plant
  5535 | D:6      | Found Evvouzal's General Store.
  5605 | D:6      | Reached XP level 9. HP: 75/79 MP: 9/9
  5923 | D:6      | Reached skill level 5 in Axes
  6080 | D:7      | Reached skill level 8 in Dodging
  6529 | D:7      | Noticed a hill giant
  6537 | D:7      | Killed a hill giant
  6879 | D:8      | Found a staircase to the Lair.
  6978 | D:8      | Reached XP level 10. HP: 68/90 MP: 10/10
  7056 | D:8      | Reached skill level 9 in Dodging
  7461 | Lair:1   | Entered Level 1 of the Lair of Beasts
  7599 | Lair:1   | Noticed Gastronok
  7615 | Lair:1   | Killed Gastronok
  7985 | Lair:1   | Noticed an oklob plant
  8850 | Lair:2   | Reached skill level 10 in Fighting
  8852 | Lair:2   | Reached XP level 11. HP: 39/99 MP: 11/11
  8855 | Lair:2   | Reached skill level 10 in Dodging
 10155 | Lair:3   | Reached skill level 10 in Axes
 11030 | Lair:4   | Noticed Erica
 11048 | Lair:4   | Killed Erica
 11618 | Lair:4   | Found a staircase to the Swamp.
 11651 | Lair:4   | Reached skill level 11 in Fighting
 11758 | Lair:4   | Received a gift from Trog
 11759 | Lair:4   | Got a pitted battleaxe {god gift}
 11760 | Lair:4   | Identified the +0 battleaxe of the Walnut {chop, rPois} (Trog gifted it to you on level 4 of the Lair of Beasts)
 12184 | Swamp:1  | Entered Level 1 of the Swamp
 12288 | Swamp:1  | Noticed an alligator
 12299 | Swamp:1  | Slain by an alligator

Action                   |  1- 3 |  4- 6 |  7- 9 | 10-12 || total
-------------------------+-------+-------+-------+-------++-------
Melee: Falchion          |    95 |   331 |       |       ||   426
       Battleaxe         |       |     3 |   231 |   413 ||   647
Invok: Berserk           |     1 |     6 |     7 |    12 ||    26
       Trog's Hand       |       |       |     1 |     1 ||     2
       Brothers in Arms  |       |       |     1 |       ||     1
  Use: Scroll            |       |       |    22 |       ||    22
       Potion            |       |       |     1 |     3 ||     4
 Stab: Sleeping          |     1 |       |     3 |    10 ||    14
       Distracted        |       |       |       |     2 ||     2
  Eat: Chunk             |     1 |     2 |     4 |    12 ||    19
       Fruit             |     1 |       |     1 |     7 ||     9
       Bread ration      |       |     2 |     2 |     3 ||     7
       Meat ration       |       |     1 |     2 |       ||     3
       Beef jerky        |       |       |       |     1 ||     1
